 Dungeon Crawl Stone Soup version 0.26.0-10-g1f06aea511 (webtiles) character file.

Game seed: 14880821514510493783

46 sanka the Firebug (level 3, 0/24 HPs)
             Began as a Formicid Fire Elementalist on Jan 16, 2021.
             Succumbed to an adder's poison
             ... on level 2 of the Dungeon.
             The game lasted 00:03:33 (1407 turns).

sanka the Firebug (Formicid Fire Elementalist)      Turns: 1407, Time: 00:03:33

Health: 0/24       AC:  2    Str: 12    XL:     3   Next: 92%
Magic:  1/7        EV: 12    Int: 15    God:
Gold:   42         SH:  0    Dex: 11    Spells: 6/7 levels left

rFire    . . .     SeeInvis +   i - +0 mace
rCold    . . .     Faith    .   (no shield)
rNeg     . . .     Spirit   .   a - +0 robe
rPois    .         Reflect  .   (helmet unavailable)
rElec    .         Harm     .   (no cloak)
rCorr    .         Rampage  .   (no gloves)
Will     .....                  (no boots)
Stlth    ++........             (no amulet)
HPRegen  0.08/turn              (no ring)
MPRegen  0.10/turn              (no ring)

@: lethally poisoned (0 -> -7)
A: permanent stasis, dig shafts and tunnels, four strong arms, antennae 3
a: Dig, Shaft Self


You were on level 2 of the Dungeon.
You visited 1 branch of the dungeon, and saw 2 of its levels.

You collected 42 gold pieces.


Innate Abilities, Weirdness & Mutations

You cannot be hasted, slowed, berserked, paralysed or teleported.
You can dig through walls and to a lower floor.
Your four strong arms can wield two-handed weapons with a shield.
You have a pair of large antennae on your head. (SInv)


   Skills:
 - Level 1.7 Dodging
 - Level 2.4 Stealth
 + Level 2.9 Spellcasting
 + Level 1.8 Conjurations
 + Level 3.5 Fire Magic


You had 6 spell levels left.
You knew the following spells:

 Your Spells              Type           Power        Failure   Level
z - Foxfire               Conj/Fire      40%          7%          1

Your spell library contained the following spells:

 Spells                   Type           Power        Failure   Level
 Conjure Flame            Conj/Fire      10%          21%         3
 Inner Flame              Hex/Fire       7%           28%         3
 Sticky Flame             Conj/Fire      10%          54%         4
 Fireball                 Conj/Fire      5%           88%         5

Inventory:

Hand Weapons
 g - a +0 dagger
 i - a +0 mace (weapon)
 k - a +0 short sword
Armour
 a - a +0 robe (worn)
Jewellery
 c - an uncursed amulet of regeneration {unknown}
Scrolls
 b - a scroll of random uselessness {unknown}
 e - 2 scrolls of identify {unknown}
 f - a scroll of amnesia {unknown}
 j - a scroll of remove curse {unknown}
Potions
 d - a potion of heal wounds {@q2}
 h - a potion of haste {unknown}
 l - a potion of curing {unknown}

Dungeon Overview and Level Annotations

Branches:
Dungeon (2/15)

Altars:

▒.......▒ ▒▒......▒
▒▒......▒ ...>....▒
........▒ .....▒▒▒▒
.....▒
.....▒▒▒▒▒▒▒▒▒▒▒▒▒▒▒▒▒.▒
)............K?SB......▒
....▒▒▒▒▒▒▒▒▒▒▒▒▒▒▒▒▒▒▒▒
....▒ ▒...▒ ▒...▒ ▒...▒
▒...▒ ▒...▒ ▒▒▒▒▒


You could see an adder and a kobold.


Message History

The adder barely misses you.
You feel sick.
Found a scroll labelled WOTEQE KURRUU.
You feel sick. The adder barely misses you.
You conjure some foxfire!
The adder barely misses you.
Unknown command.
Unknown command.
Unknown command.
Your foxfire dissipates!
You feel sick. The adder bites you.
* * * LOW HITPOINT WARNING * * *
You are more poisoned.
The adder poisons you!
* * * LOW HITPOINT WARNING * * *
You feel sick.
Unknown command.
* * * LOW HITPOINT WARNING * * *
You feel sick. The adder completely misses you.
You see here a scroll labelled WOTEQE KURRUU.
Unknown command.
* * * LOW HITPOINT WARNING * * *
You feel sick.
Unknown command.
You barely miss the adder.
The adder is moderately wounded.
You die...

Action                   || total
-------------------------++-------
Melee: Unarmed           ||     1
       Mace              ||     5
 Cast: Foxfire           ||    45
 Abil: Dig               ||     1
  Use: Potion            ||     1
Armor: Robe              ||    10
Dodge: Dodged            ||    34

Levels and vault maps discovered:
D:1:      kennysheep_arrival_forest, layout_basic, serial_rivers,
          chequers_serial_rivers_micro_d, chequers_serial_rivers_micro_e,
          chequers_serial_rivers_room_a, chequers_serial_rivers_micro_a
D:2:      layout_basic

Notes
Turn   | Place    | Note
-------+----------+-------------------------------------------
     0 | D:1      | sanka the Formicid Fire Elementalist began the quest for
                  | the Orb.
     0 | D:1      | Reached XP level 1. HP: 13/13 MP: 3/3
    76 | D:1      | Reached skill level 1 in Conjurations
   218 | D:1      | Reached XP level 2. HP: 19/19 MP: 0/5
   966 | D:2      | Reached XP level 3. HP: 13/24 MP: 1/7
  1385 | D:2      | HP: 2/24 [adder (5)]
  1402 | D:2      | HP: 2/24 [poisoned by an adder]
  1407 | D:2      | Succumbed to an adder's poison

Vanquished Creatures
  2 adders (D:2)
  An ooze (D:1)
  A bat (D:1)
  4 hobgoblins
  3 jackals (D:2)
  A quokka (D:2)
  A ball python (D:2)
  2 frilled lizards
  3 goblins
  3 kobolds
  2 rats
23 creatures vanquished.

Vanquished Creatures (others)
  76 foxfires
76 creatures vanquished.

Grand Total: 99 creatures vanquished

Table legend: (Time is in decaauts)
 A = Elapsed time spent in this place.
 B = Non-inter-level travel time spent in this place.
 C = Inter-level travel time spent in this place.
 D = Time resting spent in this place.
 E = Time spent auto-exploring this place.
 F = Levels seen in this place.
 G = Mean time per level.
                   A        B        C        D        E       F      G
               +--------+--------+--------+--------+--------+-----+--------+
         Total |   1409 |   1343 |     66 |    494 |    617 |   2 |  704.5 |
       Dungeon |   1409 |   1343 |     66 |    494 |    617 |   2 |  704.5 |
               +--------+--------+--------+--------+--------+-----+--------+

Top non-repeatable levels by time:
     D:1: 781 daAuts
     D:2: 627 daAuts
